 Dungeon Crawl Stone Soup version 0.24.0-13-gcf9b3192b9 (webtiles) character file.

Game seed: 10947360471171484648, levelgen mode: deterministic

256 Monsterracer the Poker (level 6, -3/38 HPs)
             Began as a Tengu Chaos Knight on Nov 7, 2019.
             Was an Initiate of Nemelex Xobeh.
             Slain by a wyvern (6 damage)
             ... summoned by the player character
             ... on level 3 of the Dungeon.
             The game lasted 00:03:27 (2833 turns).

Monsterracer the Poker (Tengu Chaos Knight)         Turns: 2833, Time: 00:03:27

Health: -3/38      AC:  5    Str: 14    XL:     6   Next: 16%
Magic:  4/7        EV: 15    Int: 14    God:    Nemelex Xobeh [......]
Gold:   132        SH:  0    Dex: 12    Spells: 5/5 levels left

rFire    . . .     SeeInvis .   a - +0 spear (chaos)
rCold    . . .     Gourm    .   (no shield)
rNeg     . . .     Faith    .   b - +2 leather armour
rPois    .         Spirit   .   (helmet restricted)
rElec    .         Reflect  .   (no cloak)
rCorr    .         Harm     .   (no gloves)
MR       .....                  (boots unavailable)
Stlth    +.........             (no amulet)
HPRegen  0.12/turn              g - ring of wizardry
MPRegen  0.10/turn              (no ring)

@: flying quickly and evasively, quick
A: beak, horns 1, talons 3, molten scales 1, clever 1, clumsy 1, deformed body,
screaming 1, evolution 1, able to fly, sturdy frame 2
a: Stop Flying, Draw Escape, Draw Destruction, Draw Summoning, Renounce Religion


You were on level 3 of the Dungeon.
You worshipped Nemelex Xobeh.
Nemelex Xobeh was noncommittal.
You were very hungry.

You visited 1 branch of the dungeon, and saw 3 of its levels.

You collected 132 gold pieces.

Inventory:

Hand Weapons
 a - a +0 spear of chaos (weapon)
Armour
 b - a +2 leather armour (worn)
Jewellery
 g - a ring of wizardry (left hand)
   (You found it on level 1 of the Dungeon)
Wands
 f - a wand of clouds (1)
   (You took it off a hobgoblin on level 3 of the Dungeon)
Scrolls
 e - 3 scrolls of magic mapping {unknown}
 p - a scroll of enchant weapon
 r - a scroll of remove curse
 t - a scroll of teleportation {!r}
Potions
 d - 2 potions of curing {unknown}
 h - a potion of haste {unknown}
 j - 2 potions of might {unknown}
 l - 2 potions of heal wounds {unknown}
 m - a potion of ambrosia {unknown}
 o - 2 potions of degeneration {unknown}
Comestibles
 c - 8 rations


   Skills:
 + Level 4.2 Fighting
 * Level 5.7 Polearms
 - Level 2.1 Armour
 + Level 2.6 Dodging
 + Level 1.0 Invocations


You had 5 spell levels left.
You didn't know any spells.
Your spell library was empty.

Dungeon Overview and Level Annotations

Branches:
Dungeon (3/15)

Altars:
Elyvilon
Makhleb
Nemelex Xobeh
Zin


Innate Abilities, Weirdness & Mutations

You have a beak for a mouth.
You have claws for feet.
You can fly continuously.
You have a pair of small horns on your head.
You are partially covered in molten scales. (AC +2)
Your mind is acute. (Int +2)
You are clumsy. (Dex -2)
Armour fits poorly on your strangely shaped body.
You occasionally shout uncontrollably at your foes.
You evolve.
Your movements are less encumbered by armour. (ER -4)


Message History

The worm is heavily wounded.
Attack whom?
Press: ? - help, Dir - move target cursor, f/p - worm
Aim: a worm (heavily wounded, confused)
You hit the worm.
The worm is poisoned.
The worm is severely wounded.
Attack whom?
Press: ? - help, Dir - move target cursor, f/p - worm
Aim: a worm (severely wounded, poisoned, confused)
You hit the worm. You burn the worm.
You kill the worm!
You start resting.
A gnoll comes into view. It is wielding a +0 flail.
A gnoll is nearby!
A gnoll is nearby!
There is a stone staircase leading up here.
An ogre is nearby!
You fly upwards.
There is a stone staircase leading down here.
You start resting.
Xom's generous nature manifests itself.
Something appears before you!
You start resting.
Xom's power brushes against you for a moment.
Your body is suffused with distortional energy.
You feel the urge to shout.
You feel less encumbered by your armour.
You feel agile. A pair of horns grows on your head!
There is a stone staircase leading down here.
You see here a pair of boots {god gift}.
You start resting.
You are feeling hungry.
You start resting.
HP restored.
You fly downwards.
The ogre hits you with a +0 giant club!!
Ouch! That really hurt!
* * * LOW HITPOINT WARNING * * *
There is a stone staircase leading up, spattered with blood here.
Okay, then.
You float gracefully downwards.
Unknown command.
Unknown command.
Unknown command.
Okay, then.
Unknown command.
You swoop lightly up into the air.
You feel very comfortable in the air.
You are feeling very hungry.
The ogre closely misses you.
Unknown command.
You draw a card...
You have drawn Foxfire.
You swap places.
Your wyvern bites the ogre!
The ogre completely misses you.
Unknown command.
Your wyvern bites the ogre.
Something barely misses your wyvern.
You draw a card...
You have drawn Vitriol.
Press: ? - help, Shift-Dir - straight line, f - ogre
Aim: an ogre, wielding a +0 giant club (moderately wounded)
The glob of acid hits the ogre!
The ogre is splashed with acid.
The acid corrodes the ogre!
The ogre is almost dead.
Your wyvern bites the ogre.
The ogre dies!
Your Invocations skill increases to level 1!
You have reached level 6!
Your experience leads to an increase in your attributes!
Your base attributes are Str 13, Int 12, Dex 14.
Increase (S)trength, (I)ntelligence, or (D)exterity?
You feel stronger. Something bites your wyvern! The wyvern closely misses you.
Your wyvern bites the wyvern but does no damage.
Something bites your wyvern!
You hit the wyvern but do no damage.
The wyvern is poisoned.
You claw the wyvern, but do no damage.
Your wyvern bites the wyvern!
The wyvern misses you.
Something completely misses your wyvern.
You hit the wyvern but do no damage. Lightning courses through the wyvern!
You claw the wyvern, but do no damage.
The wyvern is severely wounded.
Your wyvern barely misses the wyvern.
Something bites your wyvern!
Your wyvern dies!
Your wyvern's corpse disappears in a puff of smoke!
The wyvern closely misses you.
You closely miss the wyvern. You claw the wyvern.
The wyvern is almost dead.
The wyvern closely misses you.
You barely miss the wyvern. Your kick misses the wyvern.
Your headbutt misses the wyvern. You peck the wyvern.
The wyvern is almost dead.
The wyvern bites you!
* * * LOW HITPOINT WARNING * * *
The wyvern bites you but does no damage.
You draw a card...
You have drawn Velocity.
The wyvern seems to slow down. x2
The deck of cards glows with a rainbow of weird colours and disappears.
You kill the wyvern!
The wyvern's corpse disappears in a puff of smoke!
The wyvern bites you.
You die...
Xom guffaws!
Your body disappears without a glow.

..................##)..... .#.#
#######.###########.....## .#.#
#.# #.......... .#.# #.#
#.##.....## .#.# #.# #.###....#
.#.# #.########.####.#.# .#.#
#.#.........# #...# .#.#
#.#.######..# ###.# ##.########
#..@...###..#####.#
.g........######§l.............#
#########....<..).#####..###.#.#
########.## .....# #.#.#
#.##.#.##.# #.#.# #.. ## ..#
#.#.# #### ### #.#.# ....# ####.


You could see a wyvern.

Vanquished Creatures
  4 adders (D:2 D:3)
  An adder skeleton (D:2)
  2 worms (D:2 D:3)
  A dart slug (D:1)
  A leopard gecko (D:2)
  A ball python (D:3)
  3 giant cockroaches (D:1)
  4 goblins (D:1 D:2)
  6 hobgoblins (D:1 D:2 D:3)
  4 jackals (D:3)
  4 quokkas (D:1 D:2 D:3)
  4 bats (D:1 D:2 D:3)
  4 frilled lizards (D:1 D:2 D:3)
  5 kobolds (D:1 D:2)
  6 rats (D:1 D:2 D:3)
50 creatures vanquished.

Vanquished Creatures (collateral kills)
  Sigmund (D:2)
  An ogre (D:3)
  A worm (D:2)
  A dart slug (D:2)
  A goblin (D:2)
5 creatures vanquished.

Vanquished Creatures (others)
  A dart slug (D:3)
1 creature vanquished.

Grand Total: 56 creatures vanquished

Notes
Turn   | Place    | Note
-------+----------+-------------------------------------------
     0 | D:1      | Monsterracer the Tengu Chaos Knight began the quest for the
                  | Orb.
     0 | D:1      | Reached XP level 1. HP: 14/14 MP: 2/2
    18 | D:1      | Reached XP level 2. HP: 19/19 MP: 3/3
   303 | D:1      | XOM is BORED!
   303 | D:1      | XOM: medium Ice miscast
   527 | D:1      | XOM: medium Tloc miscast
   578 | D:1      | XOM: give mutations
   578 | D:1      | Gained mutation: You are partially covered in molten
                  | scales. (AC +2) [Xom's grace]
   578 | D:1      | Gained mutation: Your movements are slightly less
                  | encumbered by armour. (ER -2) [Xom's grace]
   871 | D:1      | Reached skill level 4 in Polearms
   978 | D:1      | XOM: give mutations
   978 | D:1      | Gained mutation: Your system is resistant to poisons.
                  | (rPois) [Xom's grace]
   978 | D:1      | Gained mutation: Your mind is acute. (Int +2) [Xom's grace]
   978 | D:1      | Gained mutation: You evolve. [Xom's grace]
  1181 | D:2      | Reached XP level 3. HP: 23/23 MP: 4/4
  1251 | D:2      | XOM: give mutations
  1251 | D:2      | Lost mutation: Your system is resistant to poisons. (rPois)
                  | [Xom's mischief]
  1251 | D:2      | Gained mutation: Armour fits poorly on your strangely
                  | shaped body. [Xom's mischief]
  1251 | D:2      | Gained mutation: You are clumsy. (Dex -2) [Xom's mischief]
  1380 | D:2      | Gained mutation: You are very clumsy. (Dex -4) [evolution]
  1466 | D:2      | XOM: polymorph giant cockroach -> kobold
  1657 | D:2      | Noticed Sigmund
  1658 | D:2      | Found a sparkling altar of Nemelex Xobeh.
  1658 | D:2      | XOM: summons 3 friendly demons
  1665 | D:2      | Killed Sigmund
  1665 | D:2      | Reached skill level 5 in Polearms
  1665 | D:2      | Reached XP level 4. HP: 25/29 MP: 5/5
  1665 | D:2      | Gained mutation: You can fly continuously. [Tengu growth]
  1665 | D:2      | Reached XP level 5. HP: 29/33 MP: 6/6
  1674 | D:2      | Fell from the grace of Xom
  1674 | D:2      | Became a worshipper of Nemelex Xobeh the Trickster
  1706 | D:2      | Received a gift from Nemelex Xobeh
  2125 | D:2      | Found a glowing silver altar of Zin.
  2125 | D:2      | Found a burning altar of Makhleb.
  2127 | D:2      | Noticed a green death
  2127 | D:2      | Noticed an angel
  2221 | D:2      | Received a gift from Nemelex Xobeh
  2326 | D:3      | Found a white marble altar of Elyvilon.
  2497 | D:3      | Noticed an ogre
  2507 | D:3      | HP: 15/33 [ogre/+0 giant club (18)]
  2508 | D:3      | HP: 1/33 [ogre/+0 giant club (14)]
  2589 | D:2      | XOM: god gift: pair of boots {god gift}
  2616 | D:2      | XOM: give mutations
  2616 | D:2      | Gained mutation: You occasionally shout uncontrollably at
                  | your foes. [Xom's mischief]
  2616 | D:2      | Gained mutation: Your movements are less encumbered by
                  | armour. (ER -4) [Xom's mischief]
  2616 | D:2      | Lost mutation: You are very clumsy. (Dex -4) [Xom's
                  | mischief]
  2616 | D:2      | Gained mutation: You have a pair of small horns on your
                  | head. [Xom's mischief]
  2801 | D:3      | HP: 11/33 [ogre/+0 giant club (22)]
  2825 | D:3      | Noticed a wyvern
  2825 | D:3      | Noticed a wyvern
  2828 | D:3      | Killed an ogre
  2828 | D:3      | Reached skill level 1 in Invocations
  2828 | D:3      | Reached XP level 6. HP: 16/38 MP: 4/7
  2832 | D:3      | HP: 3/38 [wyvern[the player character] (13)]
  2833 | D:3      | Slain by a wyvern

Levels and vault maps discovered:
D:1:      onia_arrival_larder, layout_loops_cross, roderic_serpentine_path,
          kennysheep_decorative_pillar
D:2:      layout_basic, grunt_temple_overflow_order_and_chaos_2,
          nemelex_xobeh_ov_fountains_minmay, uniq_sigmund
D:3:      layout_loops_ring, old_standard_altar, gammafunk_ghost_grave,
          first_ration, elyvilon_altar_4

Skill      XL: |  1  2  3  4  5 |
---------------+----------------+-----
Polearms       | 4 5 |  5.7
Dodging        | 2 |  2.6
Fighting       | 4 |  4.2
Invocations    | 1 |  1.0
Armour         | |  2.1

Action                   |  1- 3 |  4- 6 || total
-------------------------+-------+-------++-------
Melee: Spear             |    69 |    85 ||   154
       Kick              |    12 |    15 ||    27
       Peck              |     3 |     4 ||     7
 Abil: Fly               |       |     2 ||     2
       Draw Destruction  |       |     2 ||     2
       Stop Flying       |       |     1 ||     1
       Draw Summoning    |       |     1 ||     1
       Draw Escape       |       |     1 ||     1
Evoke: Wand              |       |     1 ||     1
  Use: Scroll            |       |     5 ||     5
 Stab: Sleeping          |     1 |     1 ||     2
       Confused          |       |     1 ||     1
  Eat: Chunk             |     2 |     3 ||     5
Armor: Leather armour    |    10 |    14 ||    24
Dodge: Dodged            |    16 |    38 ||    54
